 Dungeon Crawl Stone Soup version 0.29-a0-1008-g949cc1d0fb (webtiles) character file.

Game seed: 18299380392416075151

168 porpoise the Trooper (level 5, 0/41 HPs)
             Began as a Djinni Fire Elementalist on Aug 6, 2022.
             Slain by a goblin
             ... wielding a +0 dagger
             ... led by Robin
              (5 damage)
             ... on level 3 of the Dungeon on Aug 7, 2022.
             The game lasted 00:11:20 (2805 turns).

porpoise the Trooper (Djinni Fire Elementalist)     Turns: 2805, Time: 00:11:21

Health: 0/41       AC:  3    Str:  7    XL:     5   Next: 77%
Gold:   110        EV: 12    Int: 18    God:
                   SH:  0    Dex: 14

rFire   + + .      SeeInvis .   a - +0 short sword
rCold   x . .      Faith    .   (no shield)
rNeg    . . .      Spirit   .   b - +0 robe
rPois   ∞          Reflect  .   (no helmet)
rElec   .          Harm     .   (no cloak)
rCorr   .          Rampage  .   j - +0 pair of gloves
Will    .....                   (boots unavailable)
Stlth   ++........              (no amulet)
HPRegen 0.13/turn               (no ring)
MPRegen 0.00/turn               (no ring)

@: flying, very slightly contaminated
A: sickness immunity, fire resistance 2, cold vulnerability 1, float, innate
caster, HP casting, extra vitality 1
a: no special abilities


You were on level 3 of the Dungeon.
You visited 1 branch of the dungeon, and saw 3 of its levels.

You collected 110 gold pieces.

Inventory:

Hand Weapons
 a - a +0 short sword (weapon)
Missiles
 i - 3 javelins
Armour
 b - a +0 robe (worn)
 j - a +0 pair of gloves (worn)
Scrolls
 c - 3 scrolls of identify {unknown}
 d - 2 scrolls of magic mapping {unknown}
 h - 2 scrolls of poison {unknown}
 l - 3 scrolls of teleportation {unknown}
 n - a scroll of enchant weapon {unknown}
 o - a scroll of enchant armour {unknown}
Potions
 e - a potion of ambrosia {unknown}
 f - a potion of might {unknown}
 g - 2 potions of curing {unknown}
 k - a potion of haste {unknown}
 m - a potion of mutation {unknown}
 p - a potion of invisibility {unknown}


   Skills:
 + Level 4.0 Fighting
 - Level 2.1 Dodging
 - Level 1.5 Stealth
 + Level 3.3 Spellcasting


You couldn't memorise any spells.
You knew the following spells:

 Your Spells              Type           Power      Damage    Failure   Level
a - Foxfire               Conj/Fire      60%        2x1d7     4%          1
b - Scorch                Fire           30%        2d7       6%          2
c - Conjure Flame         Conj/Fire      15%        6-21      12%         3
d - Inner Flame           Hex/Fire       15%        N/A       12%         3
e - Flame Wave            Conj/Fire      15%        2d7       36%         4
f - Sting                 Tmut/Pois      60%        1d6       4%          1
g - Static Discharge      Conj/Air       15%        3-5/arc   6%          2
Your spell library was empty.

Dungeon Overview and Level Annotations

Branches:
Dungeon (3/15)

Altars:
Fedhas

Shops:
D:2 (

Annotations:
D:3 Robin


Innate Abilities, Weirdness & Mutations

You are immune to sickness and miasma.
You are immune to poison.
Your flesh is very heat resistant. (rF++)
You are vulnerable to cold. (rC-)
You float through the air rather than walking.
You learn spells naturally, not from books.
Your magical power is your life essence.
You have superior vitality. (+4 MHP)


Message History

You kill the goblin!
Robin of the Strong Arm comes into view.
They are wielding a +0 short sword.
A goblin comes into view. It is wielding a +0 club.
Your Fighting skill increases to level 4!
Casting: Inner Flame (dangerous; 12% risk of failure)
Confirm with . or Enter, or press ? or * to list all spells.
Aiming: Inner Flame (dangerous; 12% risk of failure)
Press: ? - help, Dir - move target, f - goblin
Aim: a goblin, wielding a +0 dagger (chance to affect: 83%)
The goblin is filled with an inner flame.
Robin roars a battlecry!
The goblins go into a battle-frenzy!
You hear a shout!
Casting: Inner Flame (dangerous; 12% risk of failure)
Confirm with . or Enter, or press ? or * to list all spells.
Okay, then.
Unknown command.
A goblin comes into view. It is wielding a +0 dagger.
Robin throws the goblin at you!
Things that are here:
a +0 dagger; a +0 dagger
Casting: Inner Flame (dangerous; 12% risk of failure)
Confirm with . or Enter, or press ? or * to list all spells.
Aiming: Sting (safe; 4% risk of failure)
Press: ? - help, Shift-Dir - straight line, f/p - goblin
Aim: a goblin, wielding a +0 dagger (inner flame, strong, 67% to hit)
Out of range.
Okay, then.
Unknown command.
Really fly into that cloud of flame?
You are engulfed in blazing flames.
You resist.
Casting: Sting (safe; 4% risk of failure)
Confirm with . or Enter, or press ? or * to list all spells.
You miscast Static Discharge.
Nothing appears to happen.
* * * LOW HITPOINT WARNING * * *
You are engulfed in blazing flames.
You resist.
* * * LOW HITPOINT WARNING * * *
The goblin hits you but does no damage. The goblin attacks as you move away!
The goblin hits you with a +0 dagger.
You die... .....## ......# ......### .####...#### .#≈≈≈~~~≈≈##. .####...####<### #### .....#.## .gggg

...# .......#
#§°## ...#
..##.###
#)@##...###
#..#.#
#☼§g#.....##
##.#.##
##.....>#..<
##....#
##..#.......
###.#.#
###.......###
>.#.#.#
#...#..####
....#.###
#.####.#
..†.....# #.#
#...
....#.#.##
#.# ###..


You could see Robin, a hobgoblin (strong) and 3 goblins.

Vanquished Creatures
  A jelly (D:3)
  2 orc wizards (D:3)
  An adder (D:2)
  4 worms
  3 orcs
  5 endoplasms
  4 giant cockroaches
  6 hobgoblins
  2 jackals (D:1)
  4 kobolds
  3 quokkas
  3 ball pythons (D:1)
  7 bats
  4 frilled lizards
  9 goblins
  6 rats
64 creatures vanquished.

Vanquished Creatures (others)
  146 foxfires
146 creatures vanquished.

Grand Total: 210 creatures vanquished

Notes
Turn   | Place    | Note
-------+----------+-------------------------------------------
     0 | D:1      | porpoise the Djinni Fire Elementalist began the quest for
                  | the Orb.
     0 | D:1      | porpoise set off with the following spells memorised:
                  | Foxfire, Scorch, Conjure Flame, Inner Flame, Flame Wave.
     0 | D:1      | Reached XP level 1. HP: 15/15 MP: 0/0
   134 | D:1      | Reached skill level 1 in Fighting
   134 | D:1      | Reached XP level 2. HP: 19/22 MP: 0/0
   643 | D:1      | Reached XP level 3. HP: 27/28 MP: 0/0
   643 | D:1      | Learned a level 1 spell: Sting
   741 | D:1      | Reached skill level 2 in Fighting
  1161 | D:2      | Upgraded the game from 0.29-a0-998-g1987434951 to
                  | 0.29-a0-1008-g949cc1d0fb
  1648 | D:2      | Reached XP level 4. HP: 31/34 MP: 0/0
  1824 | D:2      | Found Jara's Antique Weapon Shop.
  1856 | D:2      | Found a blossoming altar of Fedhas.
  2209 | D:2      | Reached skill level 3 in Fighting
  2350 | D:3      | Reached XP level 5. HP: 20/40 MP: 0/0
  2350 | D:3      | Learned a level 2 spell: Static Discharge
  2800 | D:3      | Noticed Robin
  2801 | D:3      | Reached skill level 4 in Fighting
  2805 | D:3      | Slain by a goblin

Illustrated notes

Levels and vault maps discovered:
D:1:      lightli_arrival_lavapool, layout_loops_ring, minmay_misc_feat_tiny,
          minmay_cupped
D:2:      minmay_chambers_of_ones, layout_basic, serial_shops, shop, basic_altar
D:3:      minmay_angry_zag, layout_rooms, mainiacjoe_overflow_small_starburst,
          serial_rivers, chequers_serial_rivers_micro_b,
          chequers_serial_rivers_small_3, chequers_serial_rivers_micro_a,
          chequers_serial_rivers_micro_a, chequers_serial_rivers_small_b,
          uniq_robin

Skill      XL: |  1  2  3  4  5 |
---------------+----------------+-----
Fighting       | 1 2 3 4 |  4.0
Spellcasting   | 3 |  3.3
Dodging        | |  2.1
Stealth        | |  1.5

Action                   |  1- 3 |  4- 6 || total
-------------------------+-------+-------++-------
Melee: Hand axe          |     4 |       ||     4
       Short sword       |     4 |    13 ||    17
 Cast: Foxfire           |    38 |    47 ||    85
       Scorch            |     7 |     5 ||    12
       Sting             |       |     2 ||     2
       Inner Flame       |       |     2 ||     2
Armor: Robe              |     2 |     5 ||     7
Dodge: Dodged            |     6 |    17 ||    23

Table legend: (Time is in decaauts)
 A = Elapsed time spent in this place.
 B = Non-inter-level travel time spent in this place.
 C = Inter-level travel time spent in this place.
 D = Time resting spent in this place.
 E = Time spent auto-exploring this place.
 F = Levels seen in this place.
 G = Mean time per level.
                   A        B        C        D        E       F      G
               +--------+--------+--------+--------+--------+-----+--------+
         Total |   2807 |   2751 |     56 |    973 |   1367 |   3 |  935.7 |
       Dungeon |   2807 |   2751 |     56 |    973 |   1367 |   3 |  935.7 |
               +--------+--------+--------+--------+--------+-----+--------+

Top non-repeatable levels by time:
     D:2: 1373 daAuts
     D:1: 1160 daAuts
     D:3: 273 daAuts
